woodfighter, chaotic female elven Rogue --------- ##........| # |.......| ### |...>...| % |.......| # # -----.--- ####### # -------- --|----########### ........| ----.....|# # | .........|# |.....<..|u # .........|#@l########### |........|Q ---.-----.-- ---------- |..........| |.....<....- ------------ woodfighter the Rogue Experience level: 7 Strength: 17 Dexterity: 19 Constitution: 13 Intelligence: 10 Wisdom: 13 Charisma: 6 Health: 0(46) Energy: 36(36) Def: 9 Gold: 0 Moves: 4592 Dungeon seed: DSX2Y7e-y2dV18Mz Game ID: woodfighter_1511372425 Your Inventory: Weapons a - a +0 elven short sword (weapon in hand) b - 15 +0 elven daggers (in quiver) Armor r - an uncursed +0 alchemy smock (being worn) z - an uncursed +0 elven mithril-coat (being worn) G - a blessed +0 elven shield (being worn) H - an uncursed +0 pair of elven boots (being worn) Y - an uncursed +0 orcish helm (being worn) Comestibles p - an uncursed cram ration x - an uncursed fortune cookie E - 2 uncursed sprigs of wolfsbane I - an uncursed food ration S - an uncursed tripe ration U - an uncursed magic bean V - an uncursed partly eaten food ration Z - 4 uncursed lizard corpses Wands l - a wand of fire (0:5) o - a wand of speed monster (0:5) M - a blessed wand of sleep (0:4) Tools g - an uncursed blindfold s - an uncursed bag of holding y - an uncursed skeleton key Contents of the bag of holding: an uncursed [+0] mummy wrapping an uncursed can of grease [0:17] Spells and supernatural/magical abilities: Name Level Category Fail Memory W - pray for help -- divine ? -- Your skills at the end: Miscellaneous Skills wands [Basic] Weapon Skills dagger [Basic] short sword [Basic] Spellcasting Skills Final Attributes: You were piously aligned. You were sleep resistant. You were poison resistant. You were acid resistant. Your writing hand was a little cramped from use. You were telepathic. You had infravision. You were stealthy. You were fast. You were unlucky. You are dead. Vanquished creatures: a small mimic a leather golem a giant beetle 2 leprechauns 4 lizards an ice vortex 2 dogs a dwarf lord a gnome mummy 2 snakes 2 human zombies a rope golem 2 fire ants 3 yellow lights a rock mole a rock piercer a gnomish wizard 2 kobold mummies a ghoul a straw golem a paper golem 2 giant ants a floating eye 2 kittens 2 homunculi 7 iguanas 10 hill orcs a rothe 2 jitterbugs 2 werejackals 2 killer bees 4 hobbits an acid blob 2 geckos 2 hobgoblins 8 giant rats 2 cave spiders a yellow mold 4 gnomes 2 manes 3 gnome zombies 3 jackals 2 kobolds 5 newts 3 goblins a sewer rat 7 grid bugs 4 lichens 3 kobold zombies 120 creatures vanquished. Voluntary challenges: You did not adorn yourself with jewelry or accessories. You did not cause conflict. You were not invisible. You did not have reflection. You were not displaced. You used a wielded weapon 192 times, starting on turn 26. You did not apply a unicorn horn. You did not use plumbed fixtures. You did not drink any magical draughts. You read items or engraved 2 times, starting on turn 3884. You never genocided any monsters. You never polymorphed an object. You never changed form. You cheated in Sokoban 1 time, without finishing. You used no wishes. You never split a pudding. You wrote Elbereth's name 1 time, starting on turn 3884. You never violated your personal moral code. Dungeon overview: The Dungeons of Doom: levels 1 to 10 Level 1 some fountains a long staircase Level 2 a general store, some fountains Level 3 (vault) a fountain, a sink stairs to The Gnomish Mines Level 4 Level 5 a sink Level 6 (stash) some fountains Level 7 an altar to Mog Level 8 ( ) many fountains Level 9 <- You were here stairs to Sokoban Level 10 a fountain The Gnomish Mines: Level 4 stairs to The Dungeons of Doom Sokoban: levels 7 to 8 Level 7 Level 8 an altar to Mog, a magic chest stairs to The Dungeons of Doom History has recorded: On T:1 you entered the Dungeons of Doom to retrieve the Amulet of Yendor! On T:131 you reached level 2 of The Dungeons of Doom. On T:337 you advanced to experience level 2. On T:789 you advanced to experience level 3. On T:908 you advanced to experience level 4. On T:948 you reached level 3 of The Dungeons of Doom. On T:1022 you reached level 4 of The Dungeons of Doom. On T:1136 you reached level 1 of The Gnomish Mines. On T:1312 you prayed to Kos. On T:1635 you reached level 5 of The Dungeons of Doom. On T:1870 you advanced to experience level 5. On T:1945 you reached level 6 of The Dungeons of Doom. On T:2569 you reached level 7 of The Dungeons of Doom. On T:2960 you advanced to experience level 6. On T:2976 you reached level 8 of The Dungeons of Doom. On T:3077 you prayed to Kos. On T:3215 you reached level 9 of The Dungeons of Doom. On T:3526 you advanced to experience level 7. On T:3534 you prayed to Kos. On T:4134 you reached level 10 of The Dungeons of Doom. On T:4180 you reached level 4 of Sokoban. On T:4290 you opened a magic chest. On T:4540 you reached level 3 of Sokoban. Score breakdown: Gold: 0 ( 0 points) Experience: 7 levels ( 600 points) Exploration: 10 levels ( 270 points) Discoveries: 12 items ( 600 points) Variety of kills: 49 monsters ( 2000 points) Major goal: (nothing yet) ( 0 points) Survival: died (score multiplied by 3) Total score: 10410 Latest messages: With great effort you move the boulder. The boulder fills a pit. Four Wings Where do you want to travel to? You stop travelling. You stab the snake! The snake bites! You stab the snake! The snake bites! You stab the snake. (2x) The snake bites! You kill the snake! Where do you want to travel to? A Green-elf blocks your way. The crocodile bites! The crocodile claws you! You stab the crocodile. You stab the crocodile! The crocodile bites! The crocodile claws you! You stab the crocodile! You stab the crocodile. The crocodile bites! The crocodile claws you! You die... Final status: Goodbye woodfighter the Rogue, killed by a crocodile... You died in The Dungeons of Doom on dungeon level 9 with 10410 points, and 0 pieces of gold, after 4592 moves. You were level 7 with a maximum of 46 hit points when you died.